Map: Eastwatch LE

Players

IceAssassin

  • Race: Protoss Protoss
  • League: Platinum
  • Spawn Location: 1:00

Kozzy - Winner!

  • Race: Protoss Protoss
  • League: Gold
  • Spawn Location: 7:00

VOD

Have the link to the VOD?

Description

Time

  • Played on: April 3, 2018, 11:03 p.m.
  • Length: 6:51
Show
View Real Time Build Order
Export as new Build Order

IceAssassin Protoss 

Build Orders: Forge Fast Expand (FFE) 

Get SALT Encoding   

  12  0:02  Probe  
  13  0:17  Pylon  
  14  0:21  Probe (Chrono Boost)  
  14  0:31  Probe (Chrono Boost)  
  15  0:38  Probe, Forge  
  16  0:50  Probe  
  17  0:58  Pylon  
  17  1:08  Pylon  
  16  1:24  Gateway  
  16  1:27  Assimilator  
  16  1:38  Nexus  
  16  1:42  Probe (Chrono Boost)  
  17  1:52  Probe (Chrono Boost)  
  18  2:02  Probe  
  18  2:03  Assimilator  
  19  2:13  Cybernetics Core  
  19  2:14  Probe  
  20  2:17  Zealot  
  22  2:26  Probe (Chrono Boost)  
  23  2:44  Pylon  
  23  2:47  Pylon  
  24  2:52  Probe (Chrono Boost)  
  24  2:55  Probe (Chrono Boost)  
  25  2:59  Warp Gate (Chrono Boost)  
  25  3:02  Probe (Chrono Boost)  
  25  3:05  Probe (Chrono Boost)  
  27  3:11  Twilight Council  
  27  3:14  Probe  
  27  3:15  Probe  
  29  3:26  Probe  
  30  3:38  Gateway, Zealot (Chrono Boost)  
  30  3:39  Gateway  
  30  3:51  Photon Cannon  
  30  3:55  Shield Battery  
  30  4:01  Charge (Chrono Boost)  
  30  4:03  Zealot (Chrono Boost)  
  31  4:39  Pylon  
  31  4:41  Robotics Facility  
  31  4:49  Gateway  
  31  4:50  Probe  
  31  4:52  Gateway  
  32  5:01  Gateway  
  32  5:02  Probe, Gateway  
  32  5:05  Zealot  
  32  5:06  Zealot  
  37  5:14  Probe, Zealot  
  40  5:26  Probe, Zealot x2  
  45  5:34  Observer  
  46  5:40  Probe  
  47  5:53  Probe  
  47  5:54  Zealot x2  
  47  5:55  Zealot  
  49  6:09  Probe  
  44  6:13  Pylon  
  42  6:20  Pylon  
  42  6:22  Zealot x2  
  40  6:32  Zealot  
Show
View Real Time Build Order
Export as new Build Order

Kozzy Protoss - Winner!

Build Orders:  

Get SALT Encoding   

  12  0:02  Probe  
  14  0:14  Probe  
  14  0:20  Pylon  
  14  0:26  Probe  
  15  0:38  Probe (Chrono Boost)  
  15  0:41  Gateway  
  16  0:47  Assimilator  
  16  0:50  Probe (Chrono Boost)  
  17  0:59  Probe (Chrono Boost)  
  18  1:07  Probe (Chrono Boost)  
  20  1:19  Probe (Chrono Boost)  
  20  1:23  Probe (Chrono Boost)  
  21  1:31  Cybernetics Core  
  21  1:34  Probe  
  21  1:39  Pylon  
  22  1:46  Probe  
  23  1:56  Pylon  
  23  1:57  Assimilator  
  23  1:59  Probe  
  24  2:11  Stalker  
  26  2:20  Forge  
  26  2:26  Probe  
  27  2:42  Stalker  
  29  2:53  Gateway  
  29  2:56  Protoss Ground Weapons Level 1 (Chrono Boost)  
  29  3:02  Pylon  
  29  3:04  Warp Gate (Chrono Boost)  
  29  3:06  Pylon  
  29  3:17  Pylon  
  29  3:28  Stalker  
  29  3:31  Gateway  
  31  3:35  Gateway  
  31  3:58  Stalker, Shield Battery  
  35  4:51  Twilight Council  
  33  5:05  Stalker x4  
  41  5:10  Pylon  
  41  5:13  Gateway  
  41  5:29  Stalker x4  
  49  5:41  Photon Cannon  
  45  6:27  Stalker x3  
Tags
 
Add a new tag
Caveats
  • Supply blocks, unpowered buildings, or Contaminate may cause inaccurate times.
  • Supply counts are checked every 10 seconds.